 Dungeon Crawl Stone Soup version 0.27.1 (webtiles) character file.

Game seed: 16924228623925811345

60 DearestLeader the Grave Robber (level 4, -1/32 HPs)
             Began as a Gnoll Necromancer on Sept 1, 2021.
             Frozen to death by an endoplasm (4 damage)
             ... on level 3 of the Dungeon.
             The game lasted 00:05:03 (2177 turns).

DearestLeader the Grave Robber (Gnoll Necromancer)  Turns: 2177, Time: 00:05:03

Health: -1/32      AC:  5    Str:  9    XL:     4   Next: 6%
Magic:  1/11       EV: 11    Int: 14    God:
Gold:   82         SH:  0    Dex: 12    Spells: 8/13 levels left

rFire    . . .     SeeInvis .   b - +1 short sword
rCold    . . .     Faith    .   (no shield)
rNeg     . . .     Spirit   .   m - +0 ring mail
rPois    .         Reflect  .   (no helmet)
rElec    .         Harm     .   (no cloak)
rCorr    .         Rampage  .   (no gloves)
Will     .....                  (no boots)
Stlth    ++........             i - amulet of the acrobat
HPRegen  0.10/turn              (no ring)
MPRegen  0.12/turn              (no ring)

@: very slightly contaminated, invisible
A: fangs 1, strong nose, distributed training
a: no special abilities


You were on level 3 of the Dungeon.
You visited 1 branch of the dungeon, and saw 3 of its levels.

You collected 82 gold pieces.

Inventory:

Hand Weapons
 b - a +1 short sword (weapon)
Missiles
 c - 79 stones
Armour
 a - a +0 robe
 e - a +0 leather armour
 m - a +0 ring mail (worn)
Jewellery
 i - an amulet of the acrobat (around neck)
Scrolls
 d - a scroll of blinking
 f - a scroll of teleportation {unknown}
 h - a scroll of enchant weapon
 j - a scroll of fear {unknown}
 k - a scroll of magic mapping {unknown}
 l - a scroll of identify
 o - a scroll of brand weapon {unknown}
Potions
 g - a potion of curing


   Skills:
 + Level 1.0 Fighting
 + Level 1.0 Short Blades
 + Level 1.0 Long Blades
 + Level 1.0 Axes
 + Level 1.0 Maces & Flails
 + Level 1.0 Polearms
 + Level 1.0 Staves
 + Level 1.0 Slings
 + Level 1.0 Bows
 + Level 1.0 Crossbows
 + Level 1.0 Throwing
 + Level 1.0 Armour
 + Level 4.6 Dodging
 + Level 4.2 Stealth
 + Level 1.0 Shields
 + Level 1.0 Unarmed Combat
 + Level 5.0 Spellcasting
 + Level 0.7 Conjurations
 + Level 0.7 Hexes
 + Level 0.7 Summonings
 + Level 7.1 Necromancy
 + Level 0.7 Translocations
 + Level 0.7 Transmutations
 + Level 0.7 Fire Magic
 + Level 0.7 Ice Magic
 + Level 0.7 Air Magic
 + Level 0.7 Earth Magic
 + Level 0.7 Poison Magic
 + Level 1.1 Invocations
 + Level 1.0 Evocations


You had 8 spell levels left.
You knew the following spells:

 Your Spells              Type           Power      Damage    Failure   Level
a - Pain                  Necr           92%        1d8       2%          1
b - Animate Skeleton      Necr           46%        N/A       2%          1
c - Vampiric Draining     Necr           11%        2d7       8%          3

Your spell library contained the following spells:

 Spells                   Type           Power      Damage    Failure   Level
 Animate Dead             Necr           11%        N/A       26%         4
 Agony                    Necr           23%        N/A       58%         5


Dungeon Overview and Level Annotations

Branches:
Dungeon (3/15)

Altars:

Annotations:
D:2 Sigmund
D:3 Robin


Innate Abilities, Weirdness & Mutations

You have very sharp teeth.
Your uncanny sense of smell can sniff out nearby items.
Your experience applies equally to all skills.


Message History

The adder misses you. The hobgoblin completely misses you.
The hobgoblin misses you. The endoplasm freezes you.
You are frozen.
The adder bites you.
* * * LOW HITPOINT WARNING * * *
The endoplasm freezes you.
You are frozen.
* * * LOW HITPOINT WARNING * * *
The adder misses you.
Casting: Pain (safe; 3% risk of failure)
Confirm with . or Enter, or press ? or * to list all spells.
Aiming: Pain (safe; 3% risk of failure)
Press: ? - help, Shift-Dir - straight line, f - adder
Aim: an adder (chance to affect: 88%)
The adder writhes in agony.
The adder bites you but does no damage.
It was a potion of invisibility.
You fade into invisibility!
The adder bites you but does no damage.
You are very lightly contaminated with residual magic.
You hit the adder.
The adder is heavily wounded.
The adder bites you but does no damage. The adder closely misses you.
You hit the adder.
You kill the adder!
You have reached level 4!
You feel stronger.
Casting: Pain (safe; 2% risk of failure)
Confirm with . or Enter, or press ? or * to list all spells.
Aiming: Pain (safe; 2% risk of failure)
Press: ? - help, Shift-Dir - straight line, f - endoplasm
Aim: an endoplasm (chance to affect: 92%)
The endoplasm writhes in agony.
The endoplasm closely misses you.
Casting: Pain (safe; 2% risk of failure)
Confirm with . or Enter, or press ? or * to list all spells.
Aiming: Pain (safe; 2% risk of failure)
Press: ? - help, Shift-Dir - straight line, f/p - endoplasm
Aim: an endoplasm (moderately wounded, chance to affect: 92%)
The endoplasm writhes in agony.
The endoplasm freezes you.
You die...

### .. ######.###
....#####g.......#
.......gJ.gJgg..##
...###g######.## . ##J#
###..#####.. #.@#
#...gg..(... #..##
#.J......... #...#
#.g......... #..##
##g.......... g ...#
#####............
g.########......).........
.........<....#..##.##....
#.).....)......###.....#.
#.##.)..............##.#


You could see 2 endoplasms, a hobgoblin and a goblin.

Vanquished Creatures
  An adder (D:3)
  A dart slug (D:3)
  4 ball pythons (D:1)
  9 bats
  2 endoplasms (D:1)
  2 giant cockroaches (D:1)
  11 goblins
  2 hobgoblins (D:1)
  6 kobolds
  2 quokkas
  3 frilled lizards
43 creatures vanquished.

Notes
Turn   | Place    | Note
-------+----------+-------------------------------------------
     0 | D:1      | DearestLeader the Gnoll Necromancer began the quest for the
                  | Orb.
     0 | D:1      | Reached XP level 1. HP: 13/13 MP: 6/6
    25 | D:1      | Learned a level 1 spell: Animate Skeleton
   230 | D:1      | Reached XP level 2. HP: 16/19 MP: 4/7
   792 | D:1      | Reached XP level 3. HP: 24/25 MP: 7/9
   837 | D:1      | Reached skill level 5 in Spellcasting
  1373 | D:2      | Noticed Sigmund
  1565 | D:3      | Reached skill level 1 in Invocations
  1803 | D:2      | Learned a level 3 spell: Vampiric Draining
  1858 | D:3      | Noticed Robin
  2141 | D:3      | Reached skill level 1 in Fighting
  2141 | D:3      | Reached skill level 1 in Short Blades
  2141 | D:3      | Reached skill level 1 in Long Blades
  2141 | D:3      | Reached skill level 1 in Axes
  2141 | D:3      | Reached skill level 1 in Maces & Flails
  2141 | D:3      | Reached skill level 1 in Polearms
  2141 | D:3      | Reached skill level 1 in Staves
  2141 | D:3      | Reached skill level 1 in Slings
  2141 | D:3      | Reached skill level 1 in Bows
  2141 | D:3      | Reached skill level 1 in Crossbows
  2141 | D:3      | Reached skill level 1 in Throwing
  2141 | D:3      | Reached skill level 1 in Armour
  2141 | D:3      | Reached skill level 1 in Shields
  2141 | D:3      | Reached skill level 1 in Unarmed Combat
  2141 | D:3      | Reached skill level 1 in Evocations
  2176 | D:3      | Reached XP level 4. HP: 5/32 MP: 3/11
  2177 | D:3      | Frozen to death by an endoplasm

Illustrated notes

Levels and vault maps discovered:
D:1:      wander_arrival_chamber, layout_loops_ring, corner_web_ring,
          lemuel_flame_loot_1
D:2:      layout_rooms, uniq_terence, uniq_crazy_yiuf_cottage, uniq_sigmund
D:3:      layout_rooms, kennysheep_generic_room_3, uniq_robin

Skill      XL: |  1  2  3 |
---------------+----------+-----
Spellcasting   | 5 |  5.0
Invocations    | 1 |  1.1
Fighting       | 1 |  1.0
Short Blades   | 1 |  1.0
Long Blades    | 1 |  1.0
Axes           | 1 |  1.0
Maces & Flails | 1 |  1.0
Polearms       | 1 |  1.0
Staves         | 1 |  1.0
Slings         | 1 |  1.0
Bows           | 1 |  1.0
Crossbows      | 1 |  1.0
Throwing       | 1 |  1.0
Armour         | 1 |  1.0
Shields        | 1 |  1.0
Unarmed Combat | 1 |  1.0
Evocations     | 1 |  1.0
Dodging        | |  4.6
Stealth        | |  4.2
Conjurations   | |  0.7
Hexes          | |  0.7
Summonings     | |  0.7
Necromancy     | |  7.1
Translocations | |  0.7
Transmutations | |  0.7
Fire Magic     | |  0.7
Ice Magic      | |  0.7
Air Magic      | |  0.7
Earth Magic    | |  0.7
Poison Magic   | |  0.7

Action                   |  1- 3 |  4- 6 || total
-------------------------+-------+-------++-------
Melee: Short sword       |    19 |       ||    19
       Bite              |     1 |       ||     1
 Cast: Pain              |    64 |     2 ||    66
       Animate Skeleton  |     2 |       ||     2
  Use: Scroll            |     3 |       ||     3
       Potion            |     1 |       ||     1
Armor: Leather armour    |     4 |       ||     4
       Robe              |     1 |       ||     1
       Ring mail         |     9 |       ||     9
Dodge: Dodged            |    64 |     1 ||    65
